 Dungeon Crawl Stone Soup version 0.24-a0-264-gf46a388040 (webtiles) character file.

Game seed: 16436153421253489536

48148 MirrMurr the Unseen (level 14, -4/74 HPs)
             Began as a Spriggan Enchanter on Apr 20, 2019.
             Was a High Priest of Ashenzari.
             Slain by a troll (12 damage)
             ... on level 13 of the Dungeon.
             The game lasted 00:49:48 (23425 turns).

MirrMurr the Unseen (Spriggan Enchanter)           Turns: 23425, Time: 00:49:48

Health: -4/74      AC: 11    Str:  8    XL:     14   Next: 11%
Magic:  17/24      EV: 32    Int: 17    God:    Ashenzari [*****.]
Gold:   1137       SH:  0    Dex: 17    Spells: 4/25 levels left

rFire    . . .     SeeInvis +   a - +1 rapier (elec) (curse)
rCold    . . .     Gourm    .   (shield restricted)
rNeg     . . .     Faith    .   F - +3 steam dragon scales (curse)
rPois    .         Spirit   .   (helmet restricted)
rElec    .         Reflect  .   r - +2 cloak
rCorr    +         Harm     .   (gloves unavailable)
MR       ++...     Clarity  +   (boots unavailable)
Stlth    +++++++...             (no amulet)
HPRegen  0.22/turn              w - ring of resist corrosion
MPRegen  0.19/turn              (no ring)

@: very quick
A: very small, unfitting armour, see invisible, herbivore, speed 3, slow
metabolism 2
a: Curse Item, Scrying, Transfer Knowledge, Renounce Religion


You were on level 13 of the Dungeon.
You worshipped Ashenzari.
Ashenzari was extremely pleased with you.
You were not hungry.

You visited 3 branches of the dungeon, and saw 20 of its levels.

You collected 1137 gold pieces.

Inventory:

Hand Weapons
 a - a cursed +1 rapier of electrocution (weapon)
 b - a +2 dagger of draining
Missiles
 d - 3 throwing nets {!f}
 g - 472 stones (quivered)
Armour
 r - a +2 cloak (worn)
 F - cursed +3 steam dragon scales (worn)
Jewellery
 w - a ring of resist corrosion (left hand)
Wands
 s - a wand of enslavement (17)
 z - a wand of paralysis (21)
 B - a wand of digging (15)
 C - a wand of flame (47)
Scrolls
 e - 11 scrolls of teleportation
 i - 3 scrolls of identify
 l - 6 scrolls of remove curse
 o - 6 scrolls of fog
 v - a scroll of brand weapon
 x - 6 scrolls of magic mapping
 y - a scroll of blinking
 A - 5 scrolls of immolation
Potions
 f - 6 potions of brilliance
 h - 7 potions of curing
 j - a potion of flight
 k - a potion of lignification
 m - 4 potions of heal wounds
 n - 2 potions of might
 p - 3 potions of ambrosia
 q - 3 potions of mutation
 t - a potion of berserk rage
 u - 2 potions of haste
 E - a potion of cancellation
Comestibles
 c - 23 rations


   Skills:
 + Level 8.6 Fighting
 - Level 10.2(14.0) Short Blades
 + Level 17.0 Dodging
 + Level 17.6 Stealth
 - Level 6.1 Spellcasting
 - Level 10.0 Hexes
 - Level 6.1 Summonings


You had 4 spell levels left.
You knew the following spells:

 Your Spells              Type           Power        Failure   Level  Hunger
a - Ensorcelled Hibernat  Hex/Ice        ###...       2%          2    None
b - Confuse               Hex            #####...     1%          3    ##.....
c - Tukima's Dance        Hex            #####...     1%          3    ##.....
d - Dazzling Spray        Conj/Hex       ###...       4%          3    ##.....
e - Summon Butterflies    Summ           ####....     1%          1    None
f - Summon Mana Viper     Hex/Summ       ####....     13%         5    #####..
m - Confusing Touch       Hex            #####.       1%          1    None
A - Apportation           Tloc           #.....       13%         1    None
B - Blink                 Tloc           N/A          19%         2    None

Your spell library contained the following spells:

 Spells                   Type           Power        Failure   Level  Hunger
 Corona                   Hex            #####..      1%          1    None
 Summon Small Mammal      Summ           ####         1%          1    None
 Call Imp                 Summ           ####....     1%          2    None
 Slow                     Hex            #####...     1%          2    None
 Call Canine Familiar     Summ           ####....     3%          3    ##.....
 Animate Skeleton         Necr           N/A          13%         1    None
 Magic Dart               Conj           #...         13%         1    None
 Leda's Liquefaction      Hex/Erth       ###.......   16%         4    ####...
 Corpse Rot               Necr           N/A          19%         2    None
 Summon Ice Beast         Ice/Summ       ###.....     34%         4    ####...
 Conjure Flame            Conj/Fire      #.......     36%         3    ##.....
 Mephitic Cloud           Conj/Pois/Air  #.......     36%         3    ##.....
 Stone Arrow              Conj/Erth      #.....       36%         3    ##.....
 Summon Forest            Summ/Tloc      ###.......   69%         5    #####..
 Hydra Form               Tmut           #.........   100%        6    #######
 Summon Hydra             Summ           ####......   100%        7    #######


Dungeon Overview and Level Annotations

Branches:
Dungeon (13/15)            Temple (1/1) D:4            Lair (6/6) D:9
  Swamp (0/4) Lair:4        Snake (0/4) Lair:4        Slime (0/5) Lair:5
    Orc (0/2) D:10
 Vaults: D:13-14

Altars:
Ashenzari
Cheibriados
Dithmenos
Elyvilon
Fedhas
Gozag
Hepliaklqana
Kikubaaqudgha
Makhleb
Nemelex Xobeh
Okawaru
Qazlal
Ru
Sif Muna
Trog
Uskayaw
Vehumet
Wu Jian
Xom
Yredelemnul
Zin
The Shining One

Portals:
Trove: D:11 (give 20 scrolls of identify)

Annotations:
D:12 3 runed translucent doors, docpaisley's ghost, journeyman GnSk
Lair:1 2 transporters


Innate Abilities, Weirdness & Mutations

You are very small and have problems with some larger weapons.
You are too small for most types of armour.
You have supernaturally acute eyesight. (SInv)
You are a herbivore.
You cover ground extremely quickly.
You need to consume almost no food.


Message History

The troll resists with some effort.
Casting: Ensorcelled Hibernation (safe; 2% risk of failure)
Confirm with . or Enter, or press ? or * to list all spells.
Aiming: Ensorcelled Hibernation (safe; 2% risk of failure)
Press: ? - help, Shift-Dir - straight line, f/p - troll
Aim: a troll (chance to defeat MR: 51%)
The troll resists with some effort.
The troll completely misses you. x3
Casting: Ensorcelled Hibernation (safe; 2% risk of failure)
Confirm with . or Enter, or press ? or * to list all spells.
Aiming: Ensorcelled Hibernation (safe; 2% risk of failure)
Press: ? - help, Shift-Dir - straight line, f/p - troll
Aim: a troll (chance to defeat MR: 51%)
The troll resists with some effort.
The troll completely misses you. x3
Casting: Ensorcelled Hibernation (safe; 2% risk of failure)
Confirm with . or Enter, or press ? or * to list all spells.
Aiming: Ensorcelled Hibernation (safe; 2% risk of failure)
Press: ? - help, Shift-Dir - straight line, f/p - troll
Aim: a troll (chance to defeat MR: 51%)
The troll resists with some effort.
The troll bites you!
You die...

, , , .............[..........J
,* * #......###..............
#....................... *
#....................... *
#....................... ,
#####.......................
,,,............................
,* ,
...............######....... ,,
,..........T@...# #....... , ,
...............# * * ** ,
..$......####### * *##########


You could see a troll.

Vanquished Creatures
  Kirke (Lair:6)
  Nessos (Lair:5)
  Harold (D:7)
  2 hydras
  Erolcha (D:12)
  A catoblepas (Lair:6)
  A centaur warrior (D:12)
  3 two-headed ogres
  A deep troll shaman (Lair:6)
  5 death yaks (Lair:6)
  Urug (Lair:5)
  Sonja (Lair:2)
  An unseen horror (D:11)
  An ugly thing (D:13)
  2 oklob plants (Lair:5)
  A cyclops (D:10)
  7 elephants (Lair:6)
  Maurice (D:9)
  7 spiny frogs
  A spiny frog (shapeshifter) (D:13)
  Psyche (D:11)
  3 komodo dragons
  A rime drake (Lair:2)
  4 meliai (D:12)
  7 trolls
  A hornet (D:10)
  A polar bear (Lair:6)
  Grinder (D:3)
  4 slime creatures (D:12)
  6 dream sheep (Lair:4)
  18 hippogriffs
  3 wraiths
  Eustachio (D:6)
  A vampire (D:12)
  Sigmund (D:2)
  2 shadows
  A spriggan (shapeshifter) (D:13)
  A tarantella (shapeshifter) (D:8)
  5 wyverns
  A hog (Lair:6)
  3 basilisks
  10 yaks
  9 vampire mosquitoes
  Grum (Lair:1)
  A steam dragon (D:11)
  A soldier ant (D:8)
  11 water moccasins
  5 orc warriors
  4 porcupines
  6 sky beasts
  A phantom (D:5)
  4 ice beasts
  5 black bears
  4 necrophages
  15 wolves
  4 ogres
  9 crocodiles
  7 centaurs
  2 big kobolds (D:8)
  14 bullfrogs
  A wyvern zombie (D:9)
  A wyvern skeleton (D:10)
  7 scorpions
  A water moccasin skeleton (D:9)
  7 killer bees
  9 electric eels
  A howler monkey (D:5)
  5 wights (D:10)
  2 bullfrog zombies
  4 crimson imps
  2 centaur zombies (D:8)
  A quasit (D:11)
  4 orc priests
  11 hounds
  A centaur skeleton (D:5)
  Crazy Yiuf (D:3)
  6 jellies
  4 bullfrog skeletons
  12 orc wizards
  9 iguanas
  8 worker ants
  A hound zombie (D:5)
  A hound skeleton (D:4)
  24 gnolls
  9 adders
  2 shadow imps
  4 oozes
  An adder skeleton (D:4)
  A worm (D:3)
  3 dart slugs
  4 leopard geckos
  33 orcs
  A bat (D:3)
  3 giant cockroaches
  3 goblins
  8 hobgoblins
  25 jackals
  2 kobolds (D:2)
  9 quokkas
  A ball python (D:1)
  A ball python skeleton (D:4)
  A quokka zombie (D:8)
  7 rats
460 creatures vanquished.

Vanquished Creatures (collateral kills)
  Rupert (Lair:6)
  A black bear (Lair:2)
  A gnoll sergeant (D:8)
  A gnoll (D:6)
4 creatures vanquished.

Vanquished Creatures (others)
  5 dancing weapons
  2 fungi (Lair:1)
  4 plants
11 creatures vanquished.

Grand Total: 475 creatures vanquished

Notes
Turn   | Place    | Note
-------+----------+-------------------------------------------
     0 | D:1      | MirrMurr the Spriggan Enchanter began the quest for the
                  | Orb.
     0 | D:1      | Reached XP level 1. HP: 9/9 MP: 5/5
   475 | D:1      | Reached XP level 2. HP: 8/13 MP: 6/6
   479 | D:1      | Learned a level 2 spell: Ensorcelled Hibernation
   620 | D:1      | Reached skill level 5 in Stealth
  1322 | D:2      | Reached XP level 3. HP: 16/16 MP: 8/8
  1427 | D:2      | Found a white marble altar of Elyvilon.
  1974 | D:2      | Noticed Sigmund
  1978 | D:2      | Killed Sigmund
  1978 | D:2      | Reached XP level 4. HP: 21/21 MP: 9/9
  1978 | D:2      | Reached XP level 5. HP: 24/24 MP: 10/10
  2276 | D:3      | Found a burning altar of Makhleb.
  2326 | D:3      | Found an ancient bone altar of Kikubaaqudgha.
  2874 | D:3      | Learned a level 3 spell: Confuse
  2970 | D:3      | Noticed Grinder
  2983 | D:3      | Killed Grinder
  2983 | D:3      | Reached skill level 5 in Short Blades
  2983 | D:3      | Reached XP level 6. HP: 16/28 MP: 4/11
  3296 | D:3      | Found a runed translucent door.
  3297 | D:3      | Noticed Crazy Yiuf
  3310 | D:3      | Killed Crazy Yiuf
  3460 | D:3      | Learned a level 3 spell: Tukima's Dance
  3573 | D:3      | Reached XP level 7. HP: 32/32 MP: 1/12
  4290 | D:4      | Found a staircase to the Ecumenical Temple.
  4306 | Temple   | Entered the Ecumenical Temple
  4533 | Temple   | Became a worshipper of Ashenzari the Shackled
  4754 | D:4      | Reached skill level 5 in Hexes
  5306 | D:5      | Entered Level 5 of the Dungeon
  5372 | D:5      | Found a basalt altar of Yredelemnul.
  5517 | D:5      | Reached XP level 8. HP: 24/36 MP: 0/15
  5864 | D:5      | Reached skill level 1 in Fighting
  5940 | D:5      | Found a glowing silver altar of Zin.
  5940 | D:5      | Found an opulent altar of Gozag.
  6276 | D:6      | Reached * piety under Ashenzari
  6277 | D:6      | Reached skill level 5 in Dodging
  6568 | D:6      | Reached XP level 9. HP: 44/44 MP: 7/16
  6573 | D:6      | Learned a level 3 spell: Dazzling Spray
  6818 | D:6      | Noticed Eustachio
  6854 | D:6      | Killed Eustachio
  6916 | D:6      | Found a shadowy altar of Dithmenos.
  8330 | D:7      | Reached skill level 10 in Stealth
  8343 | D:7      | Found a glowing golden altar of the Shining One.
  8459 | D:7      | Found Beisei's Weapon Emporium.
  8601 | D:7      | Reached skill level 10 in Dodging
  8825 | D:7      | Noticed Harold
  8839 | D:7      | Killed Harold
  8839 | D:7      | Reached XP level 10. HP: 35/49 MP: 17/17
  9832 | D:8      | Identified the +6 morningstar of Reason {crush, rC+ Int+2}
  9832 | D:8      | Identified the +3 chain mail of Fortitude {rN++}
 10467 | D:8      | Reached skill level 5 in Spellcasting
 10497 | D:9      | Found a blossoming altar of Fedhas.
 10860 | D:9      | Noticed Maurice
 10863 | D:9      | Killed Maurice
 11048 | D:9      | Reached ** piety under Ashenzari
 11149 | D:9      | Found a staircase to the Lair.
 11236 | D:10     | Entered Level 10 of the Dungeon
 11292 | D:10     | Found a staircase to the Orcish Mines.
 11297 | D:10     | Noticed a cyclops
 11299 | D:10     | Killed a cyclops
 11299 | D:10     | Reached XP level 11. HP: 48/53 MP: 13/20
 11943 | D:10     | Noticed a two-headed ogre
 11949 | D:10     | Killed a two-headed ogre
 12144 | D:10     | Noticed a two-headed ogre
 12469 | D:10     | Killed a two-headed ogre
 12766 | D:11     | Noticed an eight-headed hydra
 13451 | D:11     | Killed an eight-headed hydra
 13451 | D:11     | Reached skill level 5 in Fighting
 13451 | D:11     | Reached skill level 10 in Hexes
 13773 | D:11     | Noticed Psyche
 13803 | D:11     | Killed Psyche
 13824 | D:11     | Noticed an unseen horror
 13831 | D:11     | Killed an unseen horror
 13930 | D:11     | Found a portal to a secret trove of treasure.
 14538 | Lair:1   | Entered Level 1 of the Lair of Beasts
 14566 | Lair:1   | Reached XP level 12. HP: 60/60 MP: 22/22
 14817 | Lair:1   | Reached skill level 10 in Short Blades
 14958 | Lair:1   | Noticed Grum
 14977 | Lair:1   | Killed Grum
 15238 | Lair:1   | Reached *** piety under Ashenzari
 15349 | Lair:1   | Found a transporter.
 15387 | Lair:1   | Found a transporter.
 15650 | Lair:2   | Noticed Sonja
 15683 | Lair:2   | Killed Sonja
 15735 | Lair:2   | Learned a level 1 spell: Confusing Touch
 15737 | Lair:2   | Learned a level 1 spell: Apportation
 15740 | Lair:2   | Learned a level 2 spell: Blink
 15810 | Lair:2   | Learned a level 1 spell: Summon Butterflies
 15816 | Lair:2   | Learned a level 5 spell: Summon Mana Viper
 15926 | Lair:2   | Reached skill level 15 in Stealth
 15953 | Lair:2   | Reached skill level 1 in Summonings
 16334 | Lair:2   | Identified the +8 arbalest "Efontea" {venom, rPois Str+4
                  | Dex+3} (You found it on level 4 of the Dungeon)
 16334 | Lair:2   | Identified the +8 scale mail of Pavach {MR++ Str+2}
 16637 | Lair:3   | Reached **** piety under Ashenzari
 17107 | Lair:4   | Reached skill level 15 in Dodging
 17122 | Lair:4   | Found a staircase to the Snake Pit.
 17590 | Lair:4   | Found a staircase to the Swamp.
 17721 | Lair:4   | Identified the +2 scale mail of Altruism {rC++ MR++ Int-2
                  | SInv}
 17915 | Lair:5   | Noticed Urug
 17930 | Lair:5   | Killed Urug
 18056 | Lair:5   | Noticed Nessos
 18060 | Lair:5   | Killed Nessos
 18254 | Lair:5   | Found a staircase to the Slime Pits.
 18460 | Lair:5   | Reached XP level 13. HP: 66/66 MP: 20/23
 18931 | Lair:6   | Entered Level 6 of the Lair of Beasts
 18934 | Lair:6   | Identified the +1 scale mail of the Fifty Tables {rF+ rCorr
                  | Dex+2}
 18948 | Lair:6   | Identified a scroll of acquirement
 18949 | Lair:6   | Got the cursed cloak of Restlessness {rF- rN+ Str+2}
 18961 | Lair:6   | Reached ***** piety under Ashenzari
 18962 | Lair:6   | Noticed Rupert
 19090 | Lair:6   | Killed Rupert
 19090 | Lair:6   | Reached skill level 5 in Summonings
 19605 | Lair:6   | Noticed Kirke
 19757 | Lair:6   | Killed Kirke
 22021 | D:12     | Found a runed translucent gate.
 22021 | D:12     | Found a runed translucent gate.
 22067 | D:12     | Noticed docpaisley's ghost (journeyman GnSk)
 22068 | D:12     | Noticed a minotaur
 22366 | D:12     | Found a runed translucent gate.
 22503 | D:12     | Noticed Erolcha
 22520 | D:12     | Killed Erolcha
 22520 | D:12     | Reached XP level 14. HP: 74/74 MP: 24/24
 23425 | D:13     | Slain by a troll

Levels and vault maps discovered:
D:1:      lemuel_arrival_funnel, layout_basic, bh_walls_and_bars
D:2:      layout_loops_ring, elyvilon_altar_1, uniq_sigmund
D:3:      layout_basic, kiku_gazebo_garden_becter, makhleb_grotto_becter,
          first_ration, uniq_grinder, uniq_crazy_yiuf_cottage
D:4:      layout_loops_cross, temple_fountains
D:5:      layout_basic, grunt_temple_overflow_gold_and_silver,
          lemuel_crystal_altar
D:6:      layout_basic, nicolae_overflow_crystal_walls, uniq_eustachio
D:7:      layout_basic, marbit_many_paths, serial_shops, nicolae_shop_stone,
          uniq_harold
D:8:      layout_basic, blue_anna_alchemist [blue_anna_fruit_fields,
          blue_anna_fruit_fields], minmay_pinched_square
D:9:      layout_irregular_city, old_standard_altar, lair_entry_dummy,
          uniq_maurice
D:10:     layout_irregular_city, orc_0_dummy
D:11:     layout_rooms, serial_bayou, serial_bayou_ford_a,
          serial_bayou_lagoon_a, serial_bayou_lagoon_b, serial_bayou_shore_b,
          enter_trove_3, uniq_psyche
D:12:     layout_roguey, maelrawn_ghost_gauntlet_escape, minmay_liquid_box,
          uniq_erolcha
D:13:     hangedman_cross_stitches, layout_irregular_city, wad_woods_river_04,
          ashenzari_altar_1
Temple:   oiseaux_autumnal_temple
Lair:1:   gammafunk_cloud_chamber, layout_gridlike, st_stairs_5,
          minmay_hedge_maze, disabler_island, serial_bayou_shore_b, uniq_grum
Lair:2:   layout_roguey, chequers_serial_rivers_room_b, grunt_megastairs_3,
          uniq_sonja
Lair:3:   layout_regular_city, grunt_megastairs_1
Lair:4:   layout_cave_pods, swamp_mist, dummy_snake_entry
Lair:5:   layout_regular_city, nicolae_slime_entry_slimehenge, uniq_nessos,
          uniq_urug
Lair:6:   grunt_lair_end_beastmaster, layout_regular_city, uniq_kirke,
          uniq_rupert

Skill      XL: |  1  2  3  4  5  6  7  8  9 10 11 12 13 14 |
---------------+-------------------------------------------+-----
Stealth        | 5 7 9 11 12 14 15 17 | 17.6
Short Blades   | 2 4 5 7 8 9 10 | 10.2
Hexes          | 4 7 8 9 10 | 10.0
Spellcasting   | 3 4 5 6 |  6.1
Fighting       | 3 4 5 6 8 |  8.6
Dodging        | 7 10 12 13 15 16 17 | 17.0
Summonings     | 4 6 |  6.1

Action                   |  1- 3 |  4- 6 |  7- 9 | 10-12 | 13-15 || total
-------------------------+-------+-------+-------+-------+-------++-------
Melee: Dagger            |   149 |    91 |   369 |   133 |       ||   742
       Rapier            |       |       |    75 |   643 |   474 ||  1192
 Cast: Corona            |     5 |       |       |       |       ||     5
       Ensorcelled Hiber |     6 |    13 |    82 |    77 |    27 ||   205
       Confuse           |       |     1 |    11 |    33 |     8 ||    53
       Tukima's Dance    |       |     4 |     4 |    12 |     4 ||    24
       Dazzling Spray    |       |       |       |     3 |       ||     3
       Confusing Touch   |       |       |       |     2 |    22 ||    24
Invok: Curse Item        |       |       |       |     2 |       ||     2
  Use: Scroll            |     3 |     3 |    12 |    10 |     4 ||    32
       Potion            |       |       |     1 |     2 |     3 ||     6
 Stab: Sleeping          |    11 |     9 |    61 |    90 |    28 ||   199
       Confused          |       |     2 |     8 |    25 |    24 ||    59
       Distracted        |       |       |     1 |     2 |     1 ||     4
  Eat: Ration            |       |     1 |     5 |     7 |     3 ||    16
Armor: Robe              |     6 |     7 |    22 |    25 |       ||    60
       Steam dragon scal |       |       |       |    38 |    47 ||    85
Dodge: Dodged            |   112 |    62 |   308 |   726 |   462 ||  1670

Table legend:
 A = Non-vault XP
 B = Vault XP
 C = Vault XP percentage of total XP
 D = Non-vault monster count
 E = Vault monster count
 F = Vault count percentage of total count
                 A         B        C        D         E       F
            +---------+---------+-------+---------+---------+-------
      Total |   42598 |   26186 |  38.1 |     391 |      73 |  15.7
            +---------+---------+-------+---------+---------+-------
        D:1 |      29 |       0 |   0.0 |      15 |       0 |   0.0
        D:2 |      59 |     208 |  77.9 |      14 |       1 |   6.7
        D:3 |     102 |     365 |  78.2 |      19 |       3 |  13.6
        D:4 |     290 |       0 |   0.0 |      23 |       0 |   0.0
        D:5 |     992 |       0 |   0.0 |      24 |       0 |   0.0
        D:6 |    1370 |     214 |  13.5 |      35 |       1 |   2.8
        D:7 |    1464 |    1023 |  41.1 |      29 |       1 |   3.3
        D:8 |    1630 |    1570 |  49.1 |      20 |      15 |  42.9
        D:9 |     695 |     472 |  40.4 |       7 |       1 |  12.5
       D:10 |    4858 |       0 |   0.0 |      42 |       0 |   0.0
       D:11 |    5737 |     349 |   5.7 |      42 |       1 |   2.3
       D:12 |    6438 |    1303 |  16.8 |      37 |       3 |   7.5
       D:13 |    1585 |     842 |  34.7 |       6 |       3 |  33.3
     Lair:1 |    1812 |    1128 |  38.4 |      12 |      10 |  45.5
     Lair:2 |    3290 |    1033 |  23.9 |      16 |       3 |  15.8
     Lair:3 |     841 |     808 |  49.0 |       5 |       2 |  28.6
     Lair:4 |    3196 |       0 |   0.0 |      14 |       0 |   0.0
     Lair:5 |    4677 |    2316 |  33.1 |      18 |       7 |  28.0
     Lair:6 |    3533 |   14555 |  80.5 |      13 |      22 |  62.9
            +---------+---------+-------+---------+---------+-------
